 Dungeon Crawl Stone Soup version 0.18.1-2-ga659475 (webtiles) character file.

877 Chiseanne the Skirmisher (level 8, -3/72 (74) HPs)
             Began as a Ghoul Earth Elementalist on May 8, 2016.
             Slain by Edmund
             ... wielding a +1 flail of holy wrath
              (12 damage)
             ... on level 5 of the Dungeon.
             The game lasted 00:10:24 (3462 turns).

Chiseanne the Skirmisher (Ghoul Earth Elementalist) Turns: 3462, Time: 00:10:25

HP:   -3/72 (74)    AC:  7    Str: 12    XL:     8   Next: 4%
MP:   9/9           EV: 11    Int: 10    God:
Gold: 148           SH:  0    Dex: 11    Spells: 0 memorised, 10 levels left

rFire  + . .     SeeInvis .     a - +3 hand axe (vamp)
rCold  + . .     Gourm    .     q - +2 leather armour {rF+}
rNeg   + + +     Faith    +     (no shield)
rPois  ∞         Spirit   .     (no helmet)
rElec  .         Dismiss  .     p - +1 cloak
rCorr  .         Reflect  .     (no gloves)
SustAt .         Harm     .     (no boots)
MR     .....                    e - amulet of faith
Stlth  ++........               (no ring)
                                (no ring)

@: rotting, not resistant to hostile enchantments, unstealthy
A: rotting body, claws 1, carnivore 3, cold resistance 1, negative energy
resistance 3, slow regeneration 1, torment resistance, unbreathing
a: no special abilities


You were on level 5 of the Dungeon.
You were not hungry.

You visited 1 branch of the dungeon, and saw 4 of its levels.

You collected 148 gold pieces.

Inventory:

Hand Weapons
 a - a +3 vampiric hand axe (weapon)
 f - a +0 flail
 s - a +3 dagger of protection
Missiles
 b - 73 stones (quivered)
 j - 39 arrows
 m - 95 sling bullets
Armour
 g - a +0 shield
 p - a +1 cloak (worn)
 q - a +2 leather armour of fire resistance (worn)
Jewellery
 e - an amulet of faith (around neck)
Scrolls
 i - 2 scrolls of remove curse
 k - a scroll of amnesia
Books
 c - a book of Geomancy

   Spells                             Type                      Level
   a - Sandblast                      Earth                        1
   b - Passwall                       Transmutation/Earth          2
   c - Stone Arrow                    Conjuration/Earth            3
   d - Petrify                        Transmutation/Earth          4
   e - Lee's Rapid Deconstruction     Earth                        5
Comestibles
 d - a meat ration


   Skills:
 * Level 7.9 Fighting
 * Level 4.2 Axes
 - Level 1.7 Dodging
 - Level 2.1 Stealth
 - Level 1.7 Spellcasting
   Level 0.8 Transmutations
   Level 3.2 Earth Magic


You had 10 spell levels left.
You didn't know any spells.

Dungeon Overview and Level Annotations

Branches:
Dungeon (5/15)
 Temple: D:4-7

Altars:
Yredelemnul

Annotations:
D:2 Sigmund
D:5 Edmund, Menkaure


Innate Abilities, Weirdness & Mutations

Your body is rotting away.
You thrive on raw meat.
You are immune to poison.
You have sharp fingernails.
You are carnivorous and can eat meat at any time.
Your flesh is cold resistant.
You are immune to negative energy.
You regenerate slowly when monsters are visible.
You are immune to unholy pain and torment.
You can survive without breathing.


Message History

Edmund is almost dead.
Edmund hits you but does no damage.
You hit Edmund but do no damage.
Edmund is almost dead.
Edmund hits you with a flail of holy wrath.
* * * LOW HITPOINT WARNING * * *
You convulse.
* * * LOW HITPOINT WARNING * * *
You hit Edmund but do no damage.
Edmund is almost dead.
Edmund misses you.
You hit Edmund but do no damage.
Edmund is almost dead.
Edmund hits you but does no damage.
You hit Edmund but do no damage.
Edmund is almost dead.
Edmund hits you with a flail of holy wrath!
* * * LOW HITPOINT WARNING * * *
You convulse!
You die...

#.......... ######
##......... #......
##.....)... .......
#.......... .......
##..........
.......
##.....#...##
#....#.
##......#####
###....## #.......#
.......@###.......#
...###.@##.......##
##<.........#
##..........#
#...........#
#...........#
##..........##
##...........# ##
###............##
####


You could see Edmund.

Vanquished Creatures
  Eustachio (D:5)
  A phantom (D:4)
  An ogre (D:4)
  A giant frog (D:4)
  2 scorpions
  A giant frog zombie (D:4)
  4 orc wizards
  2 giant frog skeletons (D:4)
  3 worker ants (D:4)
  2 hound skeletons
  3 gnolls (D:4)
  3 adders
  2 oozes
  An adder skeleton (D:4)
  A giant gecko (D:4)
  6 orcs
  A ball python (D:1)
  2 giant cockroaches
  2 goblins
  3 hobgoblins (D:1)
  5 jackals
  A quokka (D:4)
  3 bats (D:1)
  A giant gecko zombie (D:5)
  A giant newt (D:5)
  5 kobolds (D:1)
  A rat (D:1)
59 creatures vanquished.

Notes
Turn   | Place    | Note
--------------------------------------------------------------
     0 | D:1      | Chiseanne the Ghoul Earth Elementalist began the quest for the Orb.
     0 | D:1      | Reached XP level 1. HP: 14/14 MP: 2/2
    62 | D:1      | Reached skill level 1 in Fighting
   520 | D:1      | Reached XP level 2. HP: 21/23 MP: 0/3
   676 | D:1      | Reached skill level 2 in Fighting
  1140 | D:2      | Reached XP level 3. HP: 23/30 MP: 4/4
  1349 | D:2      | Reached skill level 3 in Fighting
  1407 | D:2      | Noticed Sigmund
  1451 | D:2      | You fall through a shaft for 2 floors!
  1451 | D:4      | Found a basalt altar of Yredelemnul.
  1471 | D:5      | Entered Level 5 of the Dungeon
  1492 | D:4      | Reached XP level 4. HP: 4/40 MP: 5/5
  1621 | D:4      | Reached skill level 4 in Fighting
  1643 | D:4      | HP: 2/40 [giant frog zombie (5)]
  1969 | D:4      | Reached skill level 5 in Fighting
  1969 | D:4      | Reached XP level 5. HP: 48/48 MP: 6/6
  2118 | D:4      | Reached skill level 6 in Fighting
  2118 | D:4      | Reached skill level 1 in Axes
  2118 | D:4      | Reached XP level 6. HP: 15/57 MP: 7/7
  2432 | D:4      | Reached XP level 7. HP: 39/64 MP: 8/8
  2527 | D:4      | Reached skill level 7 in Fighting
  3171 | D:5      | Noticed Eustachio
  3177 | D:5      | Noticed Menkaure
  3179 | D:5      | Noticed Edmund
  3390 | D:5      | Killed Eustachio
  3393 | D:5      | Reached XP level 8. HP: 43/74 MP: 9/9
  3462 | D:5      | Slain by Edmund

Skill      XL: |  1  2  3  4  5  6  7 |
---------------+----------------------+-----
Fighting       | 1 2 3 5 6 7 |  7.9
Axes           | 1 2 4 |  4.2
Dodging        | |  1.7
Stealth        | |  2.1
Spellcasting   | |  1.7
Transmutations | |  0.8
Earth Magic    | |  3.2

Action                   |  1- 3 |  4- 6 |  7- 9 || total
-------------------------+-------+-------+-------++-------
Melee: Club              |    21 |       |       ||    21
       Dagger            |    78 |    41 |    32 ||   151
       Hand axe          |       |    77 |   123 ||   200
Throw: Javelin           |       |       |    11 ||    11
       Stone             |       |       |     6 ||     6
 Cast: Sandblast         |    26 |    10 |       ||    36
  Use: Potion            |     3 |       |     2 ||     5
       Scroll            |     5 |     3 |     1 ||     9
 Stab: Sleeping          |       |       |     1 ||     1
  Eat: Chunk             |    13 |     8 |    13 ||    34
Armor: Robe              |    10 |       |       ||    10
       Leather armour    |    46 |    62 |    86 ||   194
Dodge: Dodged            |    82 |    84 |    98 ||   264
